 Dungeon Crawl Stone Soup version 0.21-a0-582-g1b93aee (webtiles) character file.

485 Amnesiac the Slinger (level 7, -3/45 HPs)
             Began as a Halfling Fighter on Dec 19, 2017.
             Killed by divine providence
             ... invoked by an orc priest
              (15 damage)
             ... on level 5 of the Dungeon.
             The game lasted 00:07:54 (3822 turns).

Amnesiac the Slinger (Halfling Fighter)             Turns: 3822, Time: 00:07:55

Health: -3/45      AC:  9    Str: 19    XL:     7   Next: 35%
Magic:  7/7        EV: 11    Int:  6    God:
Gold:   205        SH: 10    Dex: 14    Spells: 6/6 levels left

rFire    . . .     SeeInvis .   a - -2 hunting sling (curse)
rCold    . . .     Gourm    .   c - +1 shield
rNeg     . . .     Faith    .   o - +0 scale mail
rPois    .         Spirit   .   (no helmet)
rElec    .         Reflect  .   (no cloak)
rCorr    .         Harm     .   t - +1 pair of gloves
MR       +....                  (no boots)
Stlth    ..........             q - amulet of magic regeneration
HPRegen  0.15/turn              e - ring of protection from magic
MPRegen  0.35/turn              (no ring)

@: hasted, very quick
A: small, mutation resistance 1
a: no special abilities


You were on level 5 of the Dungeon.
You were not hungry.

You visited 1 branch of the dungeon, and saw 5 of its levels.

You collected 205 gold pieces.

Inventory:

Hand Weapons
 a - a cursed -2 hunting sling (weapon)
 b - a +0 rapier
 v - a +0 hunting sling
Missiles
 h - 122 stones
 l - 13 sling bullets (quivered)
 n - 15 poisoned needles
 w - 3 tomahawks
Armour
 c - a +1 shield (worn)
 o - a +0 scale mail (worn)
 t - a +1 pair of gloves (worn)
Jewellery
 e - a ring of protection from magic (left hand)
 q - an amulet of magic regeneration (around neck)
 r - an uncursed ring of see invisible {unknown}
 s - an uncursed amulet of faith {unknown}
Scrolls
 k - a scroll of enchant armour {!r}
 p - 3 scrolls of identify {!r}
Potions
 d - a potion of might {!q}
 g - a potion of curing {!q, unknown}
 i - a potion of mutation {!q, unknown}
 j - 2 potions of haste {!q}
 m - 2 potions of agility {!q}
Comestibles
 f - 9 rations
 u - 2 chunks of flesh


   Skills:
 - Level 2.6 Fighting
 - Level 3.0 Short Blades
 + Level 8.9 Slings
 - Level 3.2 Armour
 - Level 3.2 Dodging
 - Level 3.2 Shields


You had 6 spell levels left.
You didn't know any spells.

Dungeon Overview and Level Annotations

Branches:
Dungeon (5/15)
 Temple: D:4-7

Altars:
Cheibriados
Hepliaklqana
Ru
Vehumet

Shops:
D:4 (


Innate Abilities, Weirdness & Mutations

You are small and have problems with some larger weapons.
You are somewhat resistant to further mutation.


Message History

You shoot a sling bullet.
The sling bullet barely misses the orc priest.
The orc hits you with a flail.
* * * LOW HITPOINT WARNING * * *
Firing (i - inventory. (,) - cycle):
l - 20 sling bullets (quivered)
Press: ? - help, Shift-Dir - straight line, f/p - orc priest
Aim: an orc priest (lightly wounded)
You shoot a sling bullet.
The sling bullet closely misses the orc priest.
You block the orc priest's attack.
Firing (i - inventory. (,) - cycle):
l - 19 sling bullets (quivered)
Press: ? - help, Shift-Dir - straight line, f/p - orc priest
Aim: an orc priest (lightly wounded)
You shoot a sling bullet. The sling bullet hits the orc priest!
The orc priest is severely wounded.
The orc priest hits you but does no damage.
The orc wizard casts a spell at you. The magic dart hits you!
* * * LOW HITPOINT WARNING * * *
The orc closely misses you.
Firing (i - inventory. (,) - cycle):
l - 18 sling bullets (quivered)
Press: ? - help, Shift-Dir - straight line, f/p - orc priest
Aim: an orc priest (severely wounded)
You shoot a sling bullet. The sling bullet hits the orc priest.
The orc priest is almost dead.
You block the orc priest's attack.
Firing (i - inventory. (,) - cycle):
l - 17 sling bullets (quivered)
Press: ? - help, Shift-Dir - straight line, f/p - orc priest
Aim: an orc priest (almost dead)
You shoot a sling bullet.
The sling bullet closely misses the orc priest.
You block the orc's attack.
The orc priest casts a cantrip, but nothing happens.
Unknown command.
Firing (i - inventory. (,) - cycle):
l - 16 sling bullets (quivered)
Press: ? - help, Shift-Dir - straight line, f/p - orc priest
Aim: an orc priest (almost dead)
You shoot a sling bullet.
The sling bullet barely misses the orc priest.
The orc wizard mumbles some strange words.
The orc wizard blinks!
The orc misses you.
Unknown command.
Firing (i - inventory. (,) - cycle):
l - 15 sling bullets (quivered)
Press: ? - help, Shift-Dir - straight line, f - orc wizard, p - orc priest
Aim: an orc wizard, wielding a dagger and wearing a robe You shoot a sling bullet.
The sling bullet barely misses the orc priest.
The sling bullet hits the orc wizard but does no damage.
The orc priest casts a cantrip, but nothing happens.
Really quaff
j - 3 emerald potions {!q}?
It was a potion of haste {!q}.
You feel yourself speed up. The orc priest barely misses you.
You block the orc's attack.
The orc wizard gestures wildly while chanting.
The orc wizard seems to speed up.
Firing (i - inventory. (,) - cycle):
l - 14 sling bullets (quivered)
Press: ? - help, Shift-Dir - straight line, f/p - orc wizard
Aim: an orc wizard, wielding a dagger and wearing a robe (fast)
You shoot a sling bullet.
The sling bullet closely misses the orc priest.
The sling bullet hits the orc wizard.
The orc wizard is lightly wounded.
The orc priest calls down the wrath of Beogh upon you.
Beogh smites you!
You die...

#####################.#.
((.((((@....)...).......
#########..oo...######.###.#.
......<##([.....# #.#
#<.(...)..# #.# ###.o.....#
#.# #(......# #.#
#......##### #.# #........
#.# ...###..##.


You could see an orc priest, an orc wizard and an orc.

Vanquished Creatures
  A phantom (D:4)
  An ogre (D:5)
  A centaur skeleton (D:4)
  A hound (D:4)
  3 orc wizards (D:5)
  2 worker ants (D:4)
  A gnoll (D:1)
  5 adders
  An ooze (D:4)
  2 worms
  3 dart slugs (D:1)
  A leopard gecko (D:3)
  3 orcs
  4 ball pythons
  2 giant cockroaches (D:1)
  9 goblins
  8 hobgoblins
  7 kobolds
  A quokka (D:3)
  5 bats
  5 frilled lizards
  A jackal skeleton (D:4)
  A quokka skeleton (D:5)
  5 rats
73 creatures vanquished.

Notes
Turn   | Place    | Note
-------+----------+-------------------------------------------
     0 | D:1      | Amnesiac the Halfling Fighter began the quest for the Orb.
     0 | D:1      | Reached XP level 1. HP: 15/15 MP: 1/1
    42 | D:1      | Reached skill level 1 in Dodging
   125 | D:1      | Reached XP level 2. HP: 16/20 MP: 2/2
   250 | D:1      | Reached XP level 3. HP: 21/25 MP: 3/3
  1408 | D:2      | Reached XP level 4. HP: 30/30 MP: 4/4
  1472 | D:2      | Found a hazy altar of Hepliaklqana.
  1548 | D:3      | Reached skill level 1 in Slings
  1837 | D:3      | Reached skill level 2 in Slings
  1996 | D:3      | Found a snail-covered altar of Cheibriados.
  2152 | D:3      | Reached skill level 3 in Slings
  2522 | D:4      | Found Ylegaeme's Weapon Shoppe.
  2531 | D:4      | Reached XP level 5. HP: 32/35 MP: 5/5
  2595 | D:4      | Reached skill level 4 in Slings
  3006 | D:4      | Reached skill level 5 in Slings
  3039 | D:4      | Noticed a phantom
  3173 | D:4      | Killed a phantom
  3173 | D:4      | Reached skill level 6 in Slings
  3173 | D:4      | Reached XP level 6. HP: 15/41 MP: 6/6
  3348 | D:4      | Reached skill level 7 in Slings
  3425 | D:4      | Found a sacrificial altar of Ru.
  3427 | D:4      | Found a radiant altar of Vehumet.
  3674 | D:5      | Entered Level 5 of the Dungeon
  3709 | D:5      | Reached skill level 8 in Slings
  3709 | D:5      | Reached XP level 7. HP: 44/45 MP: 7/7
  3822 | D:5      | Killed from afar by an orc priest

Vault maps used:
D:1:      erik_arrival_cave_to_civilisation, minmay_misc_feat_alley
D:2:      lemuel_coloured_pillars_altar, kennysheep_cross_bottleneck,
          uniq_natasha
D:3:      cheibriados_altar_1
D:4:      nicolae_overflow_hidden_temple, serial_shops, shop, first_ration
D:5:      serial_bayou_pond_d, grunt_ministairs_2

Skill      XL: |  1  2  3  4  5  6 |
---------------+-------------------+-----
Dodging        | 1 2 3 |  3.2
Short Blades   | 3 |  3.0
Slings         | 3 6 8 |  8.9
Fighting       | |  2.6
Armour         | |  3.2
Shields        | |  3.2

Action                   |  1- 3 |  4- 6 |  7- 9 || total
-------------------------+-------+-------+-------++-------
Melee: Rapier            |    77 |       |       ||    77
 Fire: Hunting sling     |       |   319 |    42 ||   361
Throw: Stone             |    60 |       |       ||    60
  Use: Scroll            |       |     6 |       ||     6
       Potion            |       |       |     1 ||     1
  Eat: Chunk             |     1 |     8 |       ||     9
Armor: Scale mail        |    19 |    41 |     1 ||    61
Dodge: Dodged            |    24 |    58 |     4 ||    86
Block: Shield            |    34 |    97 |     9 ||   140

Table legend:
 A = Spawn XP
 B = Non-spawn XP
 C = Spawn XP percentage of total XP
 D = Spawn monster count
 E = Non-spawn monster count
 F = Spawn count percentage of total count
 G = Total turns spent on level
                    A         B        C        D         E        F      G
               +---------+---------+-------+---------+---------+-------+---------
         Total |       0 |     694 |   0.0 |       0 |      73 |   0.0 |  3822
               +---------+---------+-------+---------+---------+-------+---------
           D:1 |       0 |      67 |   0.0 |       0 |      29 |   0.0 |  1311
           D:2 |       0 |       9 |   0.0 |       0 |       4 |   0.0 |   485
           D:3 |       0 |      57 |   0.0 |       0 |      20 |   0.0 |   707
           D:4 |       0 |     329 |   0.0 |       0 |      14 |   0.0 |  1171
           D:5 |       0 |     232 |   0.0 |       0 |       6 |   0.0 |   148
               +---------+---------+-------+---------+---------+-------+---------
